 Dungeon Crawl Stone Soup version 0.22.0-27-ga576289 (webtiles) character file.

45 Lew the Skirmisher (level 3, 0/24 HPs)
             Began as a Gargoyle Abyssal Knight on Aug 21, 2018.
             Was a Follower of Lugonu.
             Slain by a worm (9 damage)
             ... on level 2 of the Dungeon.
             The game lasted 00:02:07 (1513 turns).

Lew the Skirmisher (Gargoyle Abyssal Knight)        Turns: 1513, Time: 00:02:08

Health: 0/24       AC:  6    Str: 15    XL:     3   Next: 64%
Magic:  4/4        EV: 11    Int: 12    God:    Lugonu [*.....]
Gold:   73         SH:  0    Dex: 10    Spells: 2/2 levels left

rFire    . . .     SeeInvis .   a - +1 hand axe
rCold    . . .     Gourm    .   (no shield)
rNeg     + . .     Faith    .   b - +0 leather armour
rPois    ∞         Spirit   .   (no helmet)
rElec    +         Reflect  .   (no cloak)
rCorr    .         Harm     .   (no gloves)
MR       .....                  (no boots)
Stlth    +.........             (no amulet)
HPRegen  0.08/turn              (no ring)
MPRegen  0.09/turn              (no ring)

@: no status effects
A: big wings, negative energy resistance 1, electricity resistance, unbreathing,
petrification resistance, rot immunity, AC +3
a: Fly, Depart the Abyss, Renounce Religion


You were on level 2 of the Dungeon.
You worshipped Lugonu.
Lugonu was aware of your devotion.
You were near starving.

You visited 1 branch of the dungeon, and saw 2 of its levels.
You visited the Abyss 1 time.

You collected 73 gold pieces.

Inventory:

Hand Weapons
 a - a +1 hand axe (weapon)
Armour
 b - a +0 leather armour (worn)
Scrolls
 f - a scroll of fog {unknown}
 g - a scroll of enchant armour {unknown}
 k - a scroll of random uselessness {unknown}
 l - a scroll of remove curse {unknown}
Potions
 d - 2 potions of heal wounds {unknown}
 e - a potion of haste {unknown}
 h - a potion of brilliance {unknown}
 i - a potion of degeneration {unknown}
 j - a potion of ambrosia {unknown}
Comestibles
 c - a ration


   Skills:
 + Level 3.7 Fighting
 + Level 2.2 Axes
 + Level 2.7 Armour
 + Level 1.3 Dodging
 + Level 2.5 Invocations


You had 2 spell levels left.
You didn't know any spells.
Your spell library was empty.

Dungeon Overview and Level Annotations

Branches:
Dungeon (2/15)

Altars:


Innate Abilities, Weirdness & Mutations

You are resistant to torment.
Your stone body is resilient. (AC +3)
You are immune to poison.
You resist negative energy. (rN+)
You are resistant to electric shocks. (rElec)
You can survive without breathing.
You are immune to petrification.
You are immune to rotting.
Your large and strong wings let you fly indefinitely.


Message History

The worm bites you!
You hit the worm.
The worm is moderately wounded.
The worm misses you.
You hit the worm.
The worm is moderately wounded.
You hit the worm but do no damage.
The worm is moderately wounded.
The worm bites you!
You are too injured to fight recklessly!
You are too injured to fight recklessly!
You hit the worm.
The worm is moderately wounded.
The worm barely misses you.
You hit the worm.
The worm is heavily wounded.
You hit the worm.
The worm is severely wounded.
The worm bites you!
You die...

########## .........### .
# #......... #######..
###.#### #.####.###
........)##.....@# #.# #.#
# #.............##w# #.#
#.# # ........###...##.#
#.####.# # #.####..#
#...##.# #..(...# #
#.####..# #...##.#
#.###### # ........#
#...##.#######.########
.#.###..#
#...............w.....#
.#..[#..#
#.(..........).#####...
####....###..###.......#.#
#..#


You could see a worm.

Vanquished Creatures
  2 adders (D:2)
  A dart slug (D:2)
  A leopard gecko (D:2)
  A giant cockroach (D:1)
  A goblin (D:2)
  2 hobgoblins (D:1)
  2 jackals (D:2)
  5 kobolds
  A ball python (D:2)
  4 bats
  A frilled lizard (D:1)
  2 rats (D:2)
23 creatures vanquished.

Notes
Turn   | Place    | Note
-------+----------+-------------------------------------------
     0 | Abyss:1  | Lew the Gargoyle Abyssal Knight began the quest for the Orb.
     0 | Abyss:1  | Reached XP level 1. HP: 14/14 MP: 2/2
     2 | Abyss:1  | Found a corrupted altar of Lugonu.
    50 | Abyss:1  | Noticed a fire giant skeleton
    79 | Abyss:1  | Noticed a neqoxec
   115 | Abyss:1  | Gained mutation: Your large and strong wings let you fly indefinitely. [a neqoxec]
   117 | Abyss:1  | Noticed a small abomination
   117 | Abyss:1  | Noticed a smoke demon
   118 | D:1      | Escaped the Abyss
   758 | D:1      | Reached skill level 1 in Dodging
   758 | D:1      | Reached XP level 2. HP: 19/19 MP: 3/3
  1103 | D:2      | Reached * piety under Lugonu
  1184 | D:2      | Reached XP level 3. HP: 20/23 MP: 4/4
  1513 | D:2      | Slain by a worm

Skill      XL: |  1  2 |
---------------+-------+-----
Dodging        | 1 |  1.3
Axes           | 2 |  2.2
Fighting       | |  3.7
Armour         | |  2.7
Invocations    | |  2.5

Action                   || total
-------------------------++-------
Melee: Hand axe          ||    71
Invok: Depart the Abyss  ||     1
Armor: Leather armour    ||    43
Dodge: Dodged            ||    47
